2838 views
Uploaded 2020-01-29 18:05:06
Game version 1.32 / 1.32.1
18:19 long 4on4 ladder game on (8)Battleground_LV
Saved by BEARAND
2838 views
Uploaded 2020-01-29 18:05:06
Game version 1.32 / 1.32.1
18:19 long 4on4 ladder game on (8)Battleground_LV


90 units @ 10.8k
/ 1.2k
192 buildings @ 13.5k
/ 6.4k



x1)
| Scroll of Regeneration | 1 | 100 |
| Staff of Sanctuary | 1 | 250 |
| Staff of Teleportation | 3 | 450 |
| Boots of Speed | 2 | 500 |
| Tome of Retraining | 1 | 300 |
| Periapt of Vitality | 1 | 325 |
| Circlet of Nobility | 1 | 175 |
| Orb of Corruption | 1 | 375 |
| total: | 11 | 2475g |
| Peasant | 26 | 1950 | / | 0 |
| total: | 26 | 1950g | / | 0w |
| Scout Tower | 70 | 2100 | / | 1400 |
| Guard Tower | 27 | 1890 | / | 1350 |
| Altar of Kings | 1 | 180 | / | 50 |
| Lumber Mill | 1 | 120 | / | 0 |
| Farm | 5 | 400 | / | 100 |
| Town Hall | 2 | 770 | / | 410 |
| Arcane Vault | 1 | 130 | / | 30 |
| Arcane Sanctum | 1 | 150 | / | 140 |
| Keep | 1 | 320 | / | 210 |
| Castle | 1 | 360 | / | 210 |
| total: | 81 | 3850g | / | 2130w |
| 0:01 | Peasant |
| 0:05 | Altar of Kings |
| 0:12 | Peasant |
| 0:20 | Lumber Mill |
| 0:22 | Peasant |
| 0:30 | Farm |
| 0:32 | Peasant |
| 0:46 | Peasant |
| 1:00 | Peasant |
| 1:06 | Farm |
| 1:10 | Peasant |
| 1:45 | Scout Tower |
| 1:46 | Scout Tower |
| 1:46 | Scout Tower |
| 1:47 | Scout Tower |
| 1:49 | Peasant |
| 1:55 | Peasant |
| 2:04 | Peasant |
| 2:15 | Guard Tower |
| 2:17 | Guard Tower |
| 2:21 | Peasant |
| 2:39 | Peasant |
| 2:52 | Peasant |
| 2:56 | Summon Water Elemental |
| 3:42 | Town Hall |
| 3:48 | Scout Tower |
| 3:48 | Scout Tower |
| 3:49 | Scout Tower |
| 3:52 | Brilliance Aura |
| 3:56 | Peasant |
| 3:57 | Peasant |
| 4:20 | Guard Tower |
| 4:22 | Guard Tower |
| 4:35 | Arcane Vault |
| 4:51 | Guard Tower |
| 4:59 | Improved Masonry |
| 5:03 | Peasant |
| 5:05 | Peasant |
| 5:09 | Peasant |
| 5:11 | Peasant |
| 5:13 | Guard Tower |
| 5:28 | Peasant |
| 5:30 | Peasant |
| 5:48 | Scout Tower |
| 5:49 | Scout Tower |
| 5:50 | Scout Tower |
| 5:52 | Scout Tower |
| 5:52 | Scout Tower |
| 5:53 | Scout Tower |
| 5:57 | Scout Tower |
| 5:58 | Scout Tower |
| 5:58 | Scout Tower |
| 5:59 | Scout Tower |
| 6:16 | Peasant |
| 6:18 | Peasant |
| 6:20 | Scout Tower |
| 6:21 | Scout Tower |
| 6:21 | Scout Tower |
| 6:42 | Keep |
| 6:50 | Guard Tower |
| 7:11 | Guard Tower |
| 7:15 | Staff of Teleportation |
| 7:16 | Boots of Speed |
| 7:56 | Guard Tower |
| 8:00 | Scout Tower |
| 8:01 | Scout Tower |
| 8:01 | Scout Tower |
| 8:01 | Scout Tower |
| 8:01 | Scout Tower |
| 8:04 | Summon Water Elemental |
| 8:28 | Guard Tower |
| 8:53 | Tome of Retraining |
| 8:53 | Retrain Hero |
| 8:54 | Blizzard |
| 8:55 | Brilliance Aura |
| 9:08 | Guard Tower |
| 9:12 | Scout Tower |
| 9:13 | Scout Tower |
| 9:14 | Scout Tower |
| 9:15 | Scout Tower |
| 9:22 | Farm |
| 9:26 | Castle |
| 9:27 | Peasant |
| 9:28 | Scout Tower |
| 9:29 | Scout Tower |
| 9:29 | Scout Tower |
| 9:30 | Scout Tower |
| 9:31 | Scout Tower |
| 9:32 | Scout Tower |
| 9:33 | Scout Tower |
| 9:33 | Scout Tower |
| 9:33 | Scout Tower |
| 9:34 | Peasant |
| 9:37 | Advanced Masonry |
| 9:38 | Improved Lumber Harvesting |
| 9:48 | Guard Tower |
| 9:53 | Farm |
| 10:10 | Guard Tower |
| 10:11 | Guard Tower |
| 10:30 | Guard Tower |
| 10:32 | Scout Tower |
| 10:32 | Scout Tower |
| 10:33 | Scout Tower |
| 10:33 | Scout Tower |
| 10:40 | Guard Tower |
| 10:50 | Storm Bolt |
| 10:58 | Guard Tower |
| 11:00 | Scout Tower |
| 11:00 | Scout Tower |
| 11:01 | Scout Tower |
| 11:01 | Scout Tower |
| 11:04 | Peasant |
| 11:25 | Arcane Sanctum |
| 12:16 | Scroll of Regeneration |
| 12:22 | Staff of Sanctuary |
| 12:33 | Guard Tower |
| 12:38 | Scout Tower |
| 12:39 | Scout Tower |
| 12:39 | Scout Tower |
| 12:41 | Scout Tower |
| 12:47 | Town Hall |
| 12:48 | Scout Tower |
| 12:49 | Scout Tower |
| 12:49 | Scout Tower |
| 12:50 | Scout Tower |
| 12:51 | Scout Tower |
| 12:51 | Scout Tower |
| 12:52 | Scout Tower |
| 12:52 | Scout Tower |
| 13:21 | Boots of Speed |
| 13:22 | Staff of Teleportation |
| 13:27 | Holy Light |
| 13:37 | Orb of Corruption |
| 13:42 | Guard Tower |
| 13:43 | Scout Tower |
| 13:45 | Scout Tower |
| 13:45 | Scout Tower |
| 13:50 | Guard Tower |
| 14:02 | Farm |
| 14:03 | Magic Sentry |
| 14:05 | Advanced Lumber Harvesting |
| 14:14 | Guard Tower |
| 14:18 | Imbued Masonry |
| 14:29 | Guard Tower |
| 14:42 | Guard Tower |
| 14:48 | Scout Tower |
| 14:49 | Scout Tower |
| 15:25 | Guard Tower |
| 15:28 | Scout Tower |
| 15:30 | Scout Tower |
| 15:34 | Scout Tower |
| 15:36 | Staff of Teleportation |
| 15:42 | Scout Tower |
| 15:42 | Scout Tower |
| 15:44 | Guard Tower |
| 16:07 | Bash |
| 16:29 | Guard Tower |
| 16:36 | Brilliance Aura |
| 16:43 | Scout Tower |
| 16:44 | Scout Tower |
| 16:59 | Periapt of Vitality |
| 17:11 | Divine Shield |
| 17:43 | Guard Tower |
| 18:11 | Circlet of Nobility |
| Right click | 736 |
| Select | 595 |
| Select group | 182 |
| Build/train/purchase | 109 |
| Chat | 66 |
| Assign group | 54 |
| Use ability | 14 |
| Item give/drop | 4 |
| Misc. action | 1 |
| Remove unit | 1 |



| Rod of Necromancy | 3 | 450 |
| Potion of Healing | 2 | 300 |
| Orb of Corruption | 1 | 375 |
| Dust of Appearance | 1 | 75 |
| total: | 7 | 1200g |
| Acolyte | 8 | 600 | / | 0 |
| Ghoul | 4 | 480 | / | 0 |
| Crypt Fiend | 6 | 1290 | / | 240 |
| Frost Wyrm | 6 | 2310 | / | 720 |
| total: | 24 | 4680g | / | 960w |
| Spirit Tower | 6 | 870 | / | 240 |
| Crypt | 1 | 200 | / | 50 |
| Graveyard | 1 | 215 | / | 0 |
| Ziggurat | 12 | 1800 | / | 600 |
| Altar of Darkness | 1 | 180 | / | 50 |
| Tomb of Relics | 1 | 130 | / | 30 |
| Necropolis | 2 | 450 | / | 0 |
| Sacrificial Pit | 1 | 75 | / | 150 |
| Boneyard | 3 | 525 | / | 600 |
| Halls of the Dead | 2 | 640 | / | 420 |
| Black Citadel | 2 | 650 | / | 460 |
| total: | 22 | 3575g | / | 1480w |
| 0:05 | Acolyte |
| 0:05 | Acolyte |
| 0:12 | Crypt |
| 0:17 | Graveyard |
| 0:40 | Ziggurat |
| 0:58 | Altar of Darkness |
| 1:15 | Ghoul |
| 1:26 | Ghoul |
| 1:41 | Ziggurat |
| 1:51 | Tomb of Relics |
| 2:13 | Crypt Fiend |
| 2:14 | Crypt Fiend |
| 2:36 | Crypt Fiend |
| 3:12 | Crypt Fiend |
| 3:13 | Death Coil |
| 3:13 | Rod of Necromancy |
| 3:21 | Acolyte |
| 4:04 | Halls of the Dead |
| 4:30 | Crypt Fiend |
| 4:35 | Ziggurat |
| 5:14 | Unholy Aura |
| 5:37 | Rod of Necromancy |
| 5:39 | Ziggurat |
| 6:03 | Crypt Fiend |
| 6:31 | Dust of Appearance |
| 6:44 | Ghoul |
| 7:31 | Frost Nova |
| 7:36 | Acolyte |
| 7:36 | Acolyte |
| 7:36 | Acolyte |
| 7:36 | Acolyte |
| 8:30 | Potion of Healing |
| 8:37 | Rod of Necromancy |
| 8:48 | Ziggurat |
| 8:49 | Ziggurat |
| 8:50 | Ziggurat |
| 8:52 | Necropolis |
| 9:11 | Death Coil |
| 9:12 | Black Citadel |
| 9:34 | Sacrificial Pit |
| 9:42 | Spirit Tower |
| 9:43 | Spirit Tower |
| 10:11 | Creature Attack |
| 10:12 | Ghoul |
| 10:36 | Frost Armor |
| 11:36 | Orb of Corruption |
| 11:38 | Boneyard |
| 11:42 | Boneyard |
| 11:46 | Boneyard |
| 12:41 | Impale |
| 12:52 | Spirit Tower |
| 12:53 | Frost Wyrm |
| 12:58 | Frost Wyrm |
| 13:00 | Frost Wyrm |
| 13:01 | Improved Creature Attack |
| 13:01 | Advanced Creature Attack |
| 13:38 | Ziggurat |
| 13:42 | Ziggurat |
| 13:45 | Ziggurat |
| 14:12 | Potion of Healing |
| 14:40 | Frost Wyrm |
| 14:49 | Frost Wyrm |
| 15:20 | Spirit Tower |
| 15:48 | Unholy Aura |
| 16:12 | Spiked Carapace |
| 16:17 | Necropolis |
| 16:24 | Freezing Breath |
| 17:02 | Ziggurat |
| 17:51 | Ziggurat |
| 18:02 | Frost Wyrm |
| 18:14 | Acolyte |
| Right click | 1008 |
| Select group | 527 |
| Chat | 478 |
| Select | 285 |
| Build/train/purchase | 82 |
| Assign group | 53 |
| Use ability | 27 |
| Minimap ping | 20 |
| Misc. action | 11 |



| Scroll of Regeneration | 1 | 100 |
| Staff of Sanctuary | 3 | 750 |
| Potion of Healing | 1 | 150 |
| Staff of Teleportation | 3 | 450 |
| Boots of Speed | 3 | 750 |
| Circlet of Nobility | 2 | 350 |
| Periapt of Vitality | 1 | 325 |
| total: | 14 | 2875g |
| Peasant | 25 | 1875 | / | 0 |
| Priest | 1 | 135 | / | 10 |
| total: | 26 | 2010g | / | 10w |
| Scout Tower | 63 | 1890 | / | 1260 |
| Arcane Tower | 5 | 350 | / | 250 |
| Guard Tower | 49 | 3430 | / | 2450 |
| Altar of Kings | 1 | 180 | / | 50 |
| Farm | 5 | 400 | / | 100 |
| Lumber Mill | 1 | 120 | / | 0 |
| Town Hall | 2 | 770 | / | 410 |
| Arcane Vault | 2 | 260 | / | 60 |
| Blacksmith | 1 | 140 | / | 60 |
| Arcane Sanctum | 1 | 150 | / | 140 |
| Gryphon Aviary | 1 | 140 | / | 150 |
| Keep | 2 | 640 | / | 420 |
| Castle | 1 | 360 | / | 210 |
| total: | 77 | 4050g | / | 2230w |
| 0:04 | Peasant |
| 0:04 | Peasant |
| 0:11 | Altar of Kings |
| 0:21 | Farm |
| 0:23 | Peasant |
| 0:34 | Peasant |
| 0:46 | Peasant |
| 0:54 | Farm |
| 0:56 | Scout Tower |
| 1:10 | Lumber Mill |
| 1:24 | Peasant |
| 1:24 | Peasant |
| 1:30 | Scout Tower |
| 1:31 | Peasant |
| 1:39 | Arcane Tower |
| 1:41 | Peasant |
| 1:46 | Scout Tower |
| 2:10 | Scout Tower |
| 2:14 | Guard Tower |
| 2:20 | Improved Masonry |
| 2:22 | Peasant |
| 2:37 | Blizzard |
| 2:46 | Peasant |
| 3:41 | Peasant |
| 3:41 | Peasant |
| 3:41 | Peasant |
| 3:42 | Brilliance Aura |
| 3:55 | Town Hall |
| 3:59 | Peasant |
| 3:59 | Peasant |
| 3:59 | Peasant |
| 4:00 | Peasant |
| 4:24 | Arcane Vault |
| 4:56 | Guard Tower |
| 5:13 | Scout Tower |
| 5:15 | Scout Tower |
| 5:15 | Peasant |
| 5:16 | Peasant |
| 5:16 | Peasant |
| 5:16 | Peasant |
| 5:18 | Scout Tower |
| 5:32 | Scout Tower |
| 5:33 | Scout Tower |
| 5:39 | Scout Tower |
| 5:40 | Scout Tower |
| 5:40 | Scout Tower |
| 5:41 | Guard Tower |
| 5:53 | Staff of Teleportation |
| 5:53 | Boots of Speed |
| 6:16 | Guard Tower |
| 6:16 | Guard Tower |
| 6:16 | Guard Tower |
| 6:18 | Scout Tower |
| 6:18 | Scout Tower |
| 6:19 | Scout Tower |
| 6:20 | Peasant |
| 6:20 | Peasant |
| 6:20 | Peasant |
| 6:30 | Guard Tower |
| 6:43 | Guard Tower |
| 6:44 | Guard Tower |
| 6:47 | Scout Tower |
| 6:47 | Scout Tower |
| 6:48 | Scout Tower |
| 6:54 | Guard Tower |
| 6:58 | Scout Tower |
| 6:59 | Scout Tower |
| 6:59 | Scout Tower |
| 7:00 | Guard Tower |
| 7:03 | Scout Tower |
| 7:03 | Scout Tower |
| 7:13 | Scroll of Regeneration |
| 7:28 | Keep |
| 7:32 | Farm |
| 7:32 | Farm |
| 7:33 | Farm |
| 7:50 | Guard Tower |
| 7:52 | Guard Tower |
| 8:09 | Blizzard |
| 8:20 | Guard Tower |
| 8:31 | Guard Tower |
| 8:41 | Scout Tower |
| 8:41 | Scout Tower |
| 8:42 | Scout Tower |
| 8:42 | Scout Tower |
| 8:42 | Scout Tower |
| 8:43 | Scout Tower |
| 8:43 | Guard Tower |
| 8:45 | Scout Tower |
| 8:45 | Scout Tower |
| 8:46 | Scout Tower |
| 8:57 | Scout Tower |
| 8:57 | Scout Tower |
| 8:59 | Scout Tower |
| 9:00 | Scout Tower |
| 9:24 | Guard Tower |
| 9:26 | Scout Tower |
| 9:27 | Scout Tower |
| 9:27 | Scout Tower |
| 9:28 | Scout Tower |
| 9:28 | Scout Tower |
| 9:32 | Scout Tower |
| 9:33 | Scout Tower |
| 9:34 | Scout Tower |
| 9:34 | Scout Tower |
| 9:37 | Guard Tower |
| 9:37 | Guard Tower |
| 10:05 | Guard Tower |
| 10:10 | Advanced Masonry |
| 10:12 | Arcane Sanctum |
| 10:28 | Guard Tower |
| 10:30 | Arcane Tower |
| 10:53 | Guard Tower |
| 10:54 | Guard Tower |
| 11:05 | Storm Bolt |
| 11:48 | Scout Tower |
| 11:48 | Scout Tower |
| 11:49 | Scout Tower |
| 11:49 | Scout Tower |
| 11:49 | Scout Tower |
| 11:51 | Scout Tower |
| 11:52 | Scout Tower |
| 11:52 | Scout Tower |
| 11:52 | Scout Tower |
| 12:11 | Magic Sentry |
| 12:11 | Priest |
| 12:12 | Castle |
| 12:13 | Guard Tower |
| 12:42 | Guard Tower |
| 12:43 | Scout Tower |
| 12:43 | Scout Tower |
| 12:44 | Scout Tower |
| 12:51 | Arcane Tower |
| 12:52 | Arcane Tower |
| 12:52 | Guard Tower |
| 13:20 | Boots of Speed |
| 13:26 | Guard Tower |
| 13:34 | Improved Lumber Harvesting |
| 13:39 | Guard Tower |
| 13:40 | Guard Tower |
| 13:57 | Staff of Teleportation |
| 13:57 | Circlet of Nobility |
| 13:59 | Periapt of Vitality |
| 14:02 | Guard Tower |
| 14:04 | Gryphon Aviary |
| 14:05 | Blacksmith |
| 14:39 | Town Hall |
| 14:56 | Arcane Vault |
| 15:30 | Staff of Sanctuary |
| 15:49 | Holy Light |
| 15:51 | Bash |
| 15:57 | Brilliance Aura |
| 16:06 | Staff of Sanctuary |
| 16:07 | Potion of Healing |
| 16:24 | Boots of Speed |
| 16:27 | Circlet of Nobility |
| 17:22 | Scout Tower |
| 17:23 | Scout Tower |
| 17:23 | Scout Tower |
| 17:23 | Scout Tower |
| 17:24 | Scout Tower |
| 17:24 | Scout Tower |
| 18:02 | Staff of Teleportation |
| 18:09 | Staff of Sanctuary |
| Right click | 1503 |
| Select | 411 |
| Select group | 248 |
| Chat | 240 |
| Build/train/purchase | 121 |
| Use ability | 37 |
| Misc. action | 18 |
| Assign group | 10 |
| Resource trade | 4 |
| Item give/drop | 3 |
| Minimap ping | 1 |

| Rod of Necromancy | 2 | 300 |
| total: | 2 | 300g |
| Acolyte | 3 | 225 | / | 0 |
| Ghoul | 5 | 600 | / | 0 |
| Crypt Fiend | 6 | 1290 | / | 240 |
| total: | 14 | 2115g | / | 240w |
| Spirit Tower | 1 | 145 | / | 40 |
| Graveyard | 1 | 215 | / | 0 |
| Crypt | 1 | 200 | / | 50 |
| Ziggurat | 6 | 900 | / | 300 |
| Altar of Darkness | 1 | 180 | / | 50 |
| Tomb of Relics | 1 | 130 | / | 30 |
| Necropolis | 1 | 225 | / | 0 |
| Slaughterhouse | 1 | 140 | / | 135 |
| Halls of the Dead | 2 | 640 | / | 420 |
| total: | 12 | 1990g | / | 565w |
| 0:08 | Acolyte |
| 0:08 | Acolyte |
| 0:20 | Graveyard |
| 0:24 | Crypt |
| 0:53 | Ziggurat |
| 1:25 | Altar of Darkness |
| 1:30 | Tomb of Relics |
| 1:32 | Ziggurat |
| 1:36 | Ziggurat |
| 1:43 | Ghoul |
| 1:43 | Ghoul |
| 2:00 | Ghoul |
| 2:09 | Ghoul |
| 2:20 | Ghoul |
| 2:37 | Crypt Fiend |
| 2:53 | Crypt Fiend |
| 3:26 | Rod of Necromancy |
| 3:30 | Death Coil |
| 3:36 | Crypt Fiend |
| 3:53 | Acolyte |
| 4:33 | Rod of Necromancy |
| 5:13 | Halls of the Dead |
| 5:15 | Ziggurat |
| 5:21 | Ziggurat |
| 5:23 | Ziggurat |
| 6:28 | Crypt Fiend |
| 6:28 | Crypt Fiend |
| 6:57 | Unholy Aura |
| 7:07 | Crypt Fiend |
| 7:10 | Necropolis |
| 7:22 | Creature Attack |
| 7:22 | Improved Creature Attack |
| 7:45 | Spirit Tower |
| 7:47 | Slaughterhouse |
| Right click | 481 |
| Select group | 474 |
| Chat | 455 |
| Select | 154 |
| Minimap ping | 75 |
| Build/train/purchase | 35 |
| Assign group | 25 |
| Misc. action | 9 |
| Use ability | 9 |
| Esc | 4 |
138 units @ 20.2k
/ 2.7k
62 buildings @ 9.3k
/ 4.5k

| Wisp | 18 | 1080 | / | 0 |
| Archer | 1 | 130 | / | 10 |
| Huntress | 6 | 1170 | / | 120 |
| Chimaera | 7 | 2310 | / | 490 |
| Druid of the Talon | 8 | 1160 | / | 160 |
| total: | 40 | 5850g | / | 780w |
| Altar of Elders | 1 | 180 | / | 50 |
| Moon Well | 6 | 1080 | / | 240 |
| Ancient of War | 2 | 300 | / | 120 |
| Hunter's Hall | 1 | 210 | / | 100 |
| Tree of Life | 1 | 340 | / | 185 |
| Ancient of Wind | 1 | 150 | / | 140 |
| Chimaera Roost | 2 | 280 | / | 380 |
| Tree of Ages | 1 | 320 | / | 180 |
| Tree of Eternity | 1 | 330 | / | 200 |
| total: | 14 | 2540g | / | 1215w |
| 0:04 | Wisp |
| 0:04 | Wisp |
| 0:05 | Wisp |
| 0:14 | Altar of Elders |
| 0:22 | Moon Well |
| 0:26 | Wisp |
| 0:26 | Wisp |
| 0:44 | Ancient of War |
| 0:50 | Wisp |
| 0:50 | Wisp |
| 0:50 | Wisp |
| 1:26 | Wisp |
| 1:26 | Wisp |
| 1:46 | Moon Well |
| 1:50 | Archer |
| 1:53 | Wisp |
| 2:13 | Hunter's Hall |
| 2:21 | Force of Nature |
| 2:50 | Wisp |
| 2:50 | Wisp |
| 3:23 | Tree of Ages |
| 3:28 | Ancient of War |
| 3:30 | Sentinel |
| 4:07 | Huntress |
| 4:37 | Huntress |
| 4:41 | Strength of the Moon |
| 4:44 | Moon Well |
| 5:42 | Huntress |
| 5:57 | Entangling Roots |
| 6:52 | Moon Glaive |
| 8:06 | Force of Nature |
| 8:25 | Tree of Eternity |
| 8:29 | Ancient of Wind |
| 8:33 | Moon Well |
| 8:38 | Huntress |
| 8:50 | Strength of the Wild |
| 8:52 | Ultravision |
| 9:45 | Huntress |
| 10:14 | Tree of Life |
| 11:35 | Chimaera Roost |
| 11:42 | Huntress |
| 12:00 | Entangling Roots |
| 12:07 | Improved Strength of the Wild |
| 13:01 | Chimaera |
| 13:01 | Chimaera |
| 13:01 | Chimaera |
| 13:01 | Chimaera |
| 13:42 | Chimaera Roost |
| 13:47 | Moon Well |
| 13:48 | Moon Well |
| 13:52 | Wisp |
| 13:52 | Wisp |
| 13:52 | Wisp |
| 13:53 | Wisp |
| 13:53 | Wisp |
| 14:49 | Druid of the Talon Adept Training |
| 15:34 | Chimaera |
| 15:36 | Chimaera |
| 15:37 | Corrosive Breath |
| 16:02 | Druid of the Talon Master Training |
| 16:07 | Chimaera |
| 16:40 | Advanced Strength of the Wild |
| 17:08 | Druid of the Talon |
| 17:08 | Druid of the Talon |
| 17:09 | Druid of the Talon |
| 17:09 | Druid of the Talon |
| 17:09 | Druid of the Talon |
| 18:11 | Mark of the Talon |
| 18:11 | Druid of the Talon |
| 18:11 | Druid of the Talon |
| 18:11 | Druid of the Talon |
| Right click | 772 |
| Select | 204 |
| Select group | 187 |
| Build/train/purchase | 62 |
| Use ability | 27 |
| Assign group | 14 |
| Remove unit | 3 |
| Item give/drop | 1 |
| Esc | 1 |



| Scroll of Healing | 1 | 250 |
| Scroll of Protection | 1 | 150 |
| total: | 2 | 400g |
| Peasant | 17 | 1275 | / | 0 |
| Rifleman | 9 | 1845 | / | 270 |
| Siege Engine | 6 | 1170 | / | 360 |
| Priest | 2 | 270 | / | 20 |
| Forest Troll Shadow Priest | 2 | 390 | / | 20 |
| Forest Troll Berserker | 2 | 490 | / | 60 |
| Wisp | 13 | 780 | / | 0 |
| Huntress | 13 | 2535 | / | 260 |
| Hippogryph | 3 | 480 | / | 60 |
| total: | 67 | 9235g | / | 1050w |
| Scout Tower | 2 | 60 | / | 40 |
| Guard Tower | 1 | 70 | / | 50 |
| Farm | 11 | 880 | / | 220 |
| Altar of Kings | 1 | 180 | / | 50 |
| Blacksmith | 1 | 140 | / | 60 |
| Barracks | 1 | 160 | / | 60 |
| Town Hall | 1 | 385 | / | 205 |
| Lumber Mill | 1 | 120 | / | 0 |
| Workshop | 3 | 420 | / | 420 |
| Arcane Sanctum | 1 | 150 | / | 140 |
| Keep | 1 | 320 | / | 210 |
| Castle | 2 | 720 | / | 420 |
| Altar of Elders | 1 | 180 | / | 50 |
| Moon Well | 4 | 720 | / | 160 |
| Hunter's Hall | 1 | 210 | / | 100 |
| Ancient of War | 2 | 300 | / | 120 |
| Ancient of Wind | 1 | 150 | / | 140 |
| Chimaera Roost | 2 | 280 | / | 380 |
| Tree of Ages | 2 | 640 | / | 360 |
| Tree of Eternity | 2 | 660 | / | 400 |
| total: | 33 | 4335g | / | 2145w |
| 0:03 | Peasant |
| 0:03 | Peasant |
| 0:03 | Peasant |
| 0:06 | Wisp |
| 0:07 | Wisp |
| 0:07 | Wisp |
| 0:30 | Altar of Elders |
| 0:32 | Wisp |
| 0:32 | Wisp |
| 0:34 | Wisp |
| 0:36 | Moon Well |
| 0:39 | Wisp |
| 0:40 | Wisp |
| 0:44 | Peasant |
| 0:45 | Peasant |
| 0:50 | Farm |
| 1:05 | Altar of Kings |
| 1:11 | Blacksmith |
| 1:15 | Peasant |
| 1:15 | Peasant |
| 1:22 | Barracks |
| 1:27 | Farm |
| 1:35 | Peasant |
| 1:38 | Wisp |
| 1:40 | Farm |
| 1:47 | Peasant |
| 2:13 | Hunter's Hall |
| 2:19 | Ancient of War |
| 2:22 | Ancient of War |
| 2:24 | Rifleman |
| 2:27 | Farm |
| 2:29 | Peasant |
| 2:31 | Peasant |
| 2:40 | Moon Well |
| 2:41 | Moon Well |
| 2:46 | Rifleman |
| 3:01 | Trueshot Aura |
| 3:13 | Summon Water Elemental |
| 3:15 | Rifleman |
| 3:17 | Peasant |
| 3:19 | Farm |
| 3:26 | Huntress |
| 3:32 | Moon Well |
| 3:35 | Huntress |
| 3:37 | Huntress |
| 3:43 | Rifleman |
| 3:50 | Huntress |
| 4:03 | Rifleman |
| 4:32 | Town Hall |
| 4:40 | Huntress |
| 4:55 | Huntress |
| 5:15 | Black Gunpowder |
| 5:25 | Brilliance Aura |
| 5:26 | Searing Arrows |
| 5:33 | Keep |
| 5:35 | Strength of the Moon |
| 5:37 | Huntress |
| 5:49 | Forest Troll Shadow Priest |
| 5:49 | Forest Troll Shadow Priest |
| 5:55 | Forest Troll Berserker |
| 5:56 | Forest Troll Berserker |
| 6:06 | Rifleman |
| 6:11 | Huntress |
| 6:13 | Moon Armor |
| 6:14 | Huntress |
| 6:50 | Rifleman |
| 6:52 | Huntress |
| 7:06 | Summon Water Elemental |
| 7:07 | Trueshot Aura |
| 7:09 | Studded Leather Armor |
| 7:12 | Lumber Mill |
| 7:15 | Peasant |
| 7:16 | Peasant |
| 7:41 | Tree of Ages |
| 7:54 | Rifleman |
| 7:55 | Castle |
| 8:01 | Farm |
| 8:15 | Long Rifles |
| 8:18 | Refined Gunpowder |
| 9:09 | Rifleman |
| 9:11 | Workshop |
| 9:13 | Farm |
| 9:34 | Searing Arrows |
| 9:39 | Arcane Sanctum |
| 9:41 | Improved Lumber Harvesting |
| 9:42 | Brilliance Aura |
| 9:45 | Huntress |
| 10:13 | Sentinel |
| 10:14 | Moon Glaive |
| 10:24 | Flak Cannons |
| 10:28 | Peasant |
| 10:28 | Peasant |
| 10:28 | Peasant |
| 10:31 | Wisp |
| 10:32 | Wisp |
| 10:33 | Ancient of Wind |
| 10:34 | Wisp |
| 10:34 | Wisp |
| 10:39 | Huntress |
| 10:46 | Improved Bows |
| 10:47 | Improved Strength of the Moon |
| 11:06 | Flame Strike |
| 11:12 | Barrage |
| 11:13 | Siege Engine |
| 11:28 | Scroll of Protection |
| 11:28 | Scroll of Healing |
| 11:35 | Priest |
| 11:36 | Priest |
| 11:36 | Priest Adept Training |
| 11:38 | Advanced Lumber Harvesting |
| 11:43 | Farm |
| 11:44 | Workshop |
| 12:24 | Workshop |
| 12:51 | Siege Engine |
| 12:57 | Iron Plating |
| 13:00 | Farm |
| 13:01 | Farm |
| 13:10 | Huntress |
| 13:12 | Animal War Training |
| 13:16 | Tree of Eternity |
| 13:37 | Siege Engine |
| 14:01 | Holy Light |
| 14:04 | Farm |
| 14:18 | Imbued Gunpowder |
| 14:22 | Improved Masonry |
| 15:30 | Siege Engine |
| 15:32 | Scout Tower |
| 16:10 | Siege Engine |
| 16:11 | Guard Tower |
| 16:13 | Scout Tower |
| 16:31 | Steel Plating |
| 16:41 | Chimaera Roost |
| 16:41 | Chimaera Roost |
| 16:43 | Hippogryph |
| 16:43 | Hippogryph |
| 16:43 | Hippogryph |
| 16:58 | Siege Engine |
| Right click | 634 |
| Select | 517 |
| Select group | 435 |
| Build/train/purchase | 158 |
| Misc. action | 130 |
| Assign group | 48 |
| Chat | 18 |
| Use ability | 12 |
| Minimap ping | 6 |
| Resource trade | 5 |
| Esc | 2 |
| Item give/drop | 1 |
| Remove unit | 1 |


| Rod of Necromancy | 1 | 150 |
| Potion of Healing | 1 | 150 |
| Scroll of Town Portal | 2 | 700 |
| total: | 4 | 1000g |
| Acolyte | 3 | 225 | / | 0 |
| Ghoul | 5 | 600 | / | 0 |
| Crypt Fiend | 10 | 2150 | / | 400 |
| Necromancer | 7 | 1015 | / | 140 |
| Meat Wagon | 3 | 690 | / | 150 |
| Dryad | 3 | 435 | / | 180 |
| total: | 31 | 5115g | / | 870w |
| Nerubian Tower | 2 | 200 | / | 40 |
| Spirit Tower | 1 | 145 | / | 40 |
| Altar of Darkness | 1 | 180 | / | 50 |
| Crypt | 2 | 400 | / | 100 |
| Ziggurat | 4 | 600 | / | 200 |
| Tomb of Relics | 1 | 130 | / | 30 |
| Graveyard | 1 | 215 | / | 0 |
| Temple of the Damned | 1 | 155 | / | 140 |
| Slaughterhouse | 1 | 140 | / | 135 |
| Halls of the Dead | 1 | 320 | / | 210 |
| Black Citadel | 1 | 325 | / | 230 |
| Moon Well | 1 | 180 | / | 40 |
| Ancient of Lore | 3 | 465 | / | 435 |
| total: | 15 | 2465g | / | 1130w |
| 0:11 | Acolyte |
| 0:12 | Acolyte |
| 0:21 | Altar of Darkness |
| 0:23 | Acolyte |
| 0:31 | Crypt |
| 0:48 | Ziggurat |
| 1:15 | Tomb of Relics |
| 1:35 | Ghoul |
| 1:43 | Ghoul |
| 1:54 | Nerubian Tower |
| 2:03 | Ziggurat |
| 2:07 | Ghoul |
| 2:27 | Ghoul |
| 2:39 | Carrion Swarm |
| 2:41 | Rod of Necromancy |
| 2:58 | Graveyard |
| 3:15 | Crypt |
| 3:31 | Nerubian Tower |
| 4:32 | Crypt Fiend |
| 4:33 | Crypt Fiend |
| 4:46 | Crypt Fiend |
| 4:50 | Ziggurat |
| 6:22 | Halls of the Dead |
| 6:23 | Crypt Fiend |
| 6:23 | Crypt Fiend |
| 6:33 | Creature Attack |
| 7:32 | Spirit Tower |
| 8:31 | Crypt Fiend |
| 8:32 | Crypt Fiend |
| 8:48 | Web |
| 8:50 | Improved Creature Attack |
| 8:57 | Temple of the Damned |
| 9:12 | Burrow |
| 9:52 | Death Coil |
| 10:11 | Skeletal Mastery |
| 10:12 | Necromancer |
| 10:15 | Necromancer |
| 10:16 | Crypt Fiend |
| 10:27 | Slaughterhouse |
| 11:22 | Necromancer |
| 11:33 | Scroll of Town Portal |
| 11:43 | Exhume Corpses |
| 12:19 | Meat Wagon |
| 12:23 | Necromancer |
| 13:13 | Necromancer |
| 13:14 | Ziggurat |
| 13:30 | Crypt Fiend |
| 13:38 | Sleep |
| 14:00 | Black Citadel |
| 14:02 | Necromancer Adept Training |
| 14:47 | Ancient of Lore |
| 14:50 | Ancient of Lore |
| 14:52 | Ancient of Lore |
| 15:00 | Necromancer |
| 15:01 | Meat Wagon |
| 15:06 | Ghoul |
| 15:22 | Potion of Healing |
| 15:35 | Scroll of Town Portal |
| 16:14 | Meat Wagon |
| 16:28 | Dryad |
| 16:28 | Dryad |
| 16:31 | Dryad |
| 16:35 | Moon Well |
| 16:42 | Crypt Fiend |
| 17:09 | Necromancer |
| Right click | 367 |
| Select | 282 |
| Build/train/purchase | 70 |
| Misc. action | 48 |
| Use ability | 26 |
| Chat | 18 |
| Resource trade | 4 |
| Remove unit | 2 |
| Item give/drop | 1 |
⇛